 Dungeon Crawl Stone Soup version 0.30-a0-808-g6e0788376e (webtiles) character file.

Game seed: 4020671391609463640

85 groundbeetle the Shooter (level 4, 0/34 HPs)
             Began as a Demonspawn Hunter on Feb 25, 2023.
             Succumbed to a kobold brigand's curare-tipped dart
             ... on level 3 of the Dungeon.
             The game lasted 00:01:07 (685 turns).

groundbeetle the Shooter (Demonspawn Hunter)         Turns: 685, Time: 00:01:07

Health: 0/34       AC:  3    Str: 11    XL:     4   Next: 25%
Magic:  4/4        EV: 12    Int: 13    God:
Gold:   58         SH:  0    Dex: 16    Spells: 3/3 levels left

rFire   . . .      SeeInvis .    a - +0 shortbow
rCold   . . .      Faith    .    (shield currently unavailable)
rNeg    . . .      Spirit   .    c - +0 leather armour
rPois   .          Reflect  .    (helmet restricted)
rElec   .          Harm     .    (no cloak)
rCorr   .          Rampage  .    (no gloves)
Will    .....                    (no boots)
Stlth   ++                       (no amulet)
HPRegen 0.25/turn                (no ring)
MPRegen 0.09/turn                (no ring)

@: lethally poisoned (0 -> -3), slowed, very slow
A: antennae 1, spiny 1, demonic touch 1
a: no special abilities


You were on level 3 of the Dungeon.
You visited 1 branch of the dungeon, and saw 3 of its levels.

You collected 58 gold pieces.

Inventory:

Hand Weapons
 a - a +0 shortbow (weapon)
Armour
 c - a +0 leather armour (worn)
Jewellery
 h - an amulet of guardian spirit
Scrolls
 b - 2 scrolls of immolation
 e - a scroll of blinking {unknown}
 f - 3 scrolls of poison {unknown}
 i - a scroll of noise {unknown}
 j - a scroll of enchant weapon {unknown}
Potions
 d - a potion of lignification {unknown}
 g - a potion of degeneration {unknown}


   Skills:
 + Level 2.8 Fighting
 + Level 4.1 Ranged Weapons
 + Level 2.5 Dodging
 + Level 2.1 Stealth


You had 3 spell levels left.
You didn't know any spells.
Your spell library contained the following spells:

 Spells                   Type           Power      Damage    Failure   Level
 Lesser Beckoning         Tloc           0%         N/A       52%         2
 Gell's Gravitas          Tloc           0%         N/A       77%         3
 Teleport Other           Tloc           0%         N/A       77%         3


Dungeon Overview and Level Annotations

Branches:
Dungeon (3/15)

Altars:
Wu Jian


Innate Abilities, Weirdness & Mutations

You have a pair of small antennae on your head.
You are partially covered in sharp spines.
Your touch may inflict minor irresistible damage on your foes.


Message History

You are too injured to fight recklessly!
You are too injured to fight recklessly!
You are too injured to fight recklessly!
You are too injured to fight recklessly!
You are too injured to fight recklessly!
You are too injured to fight recklessly!
You are too injured to fight recklessly!
You are too injured to fight recklessly!
You are too injured to fight recklessly!
You are too injured to fight recklessly!
You are too injured to fight recklessly!
You are too injured to fight recklessly!
You are too injured to fight recklessly!
You are too injured to fight recklessly!
You are too injured to fight recklessly!
You are too injured to fight recklessly!
You are too injured to fight recklessly!
You are too injured to fight recklessly!
You are too injured to fight recklessly!
You are too injured to fight recklessly!
You are too injured to fight recklessly!
You are too injured to fight recklessly!
You are too injured to fight recklessly!
You are too injured to fight recklessly!
You are too injured to fight recklessly!
You are too injured to fight recklessly!
You are too injured to fight recklessly!
You shoot an arrow. The arrow hits the kobold brigand.
The kobold brigand is lightly wounded.
* * * LOW HITPOINT WARNING * * *
You feel very sick. The kobold brigand barely misses you.
The kobold brigand hits you but does no damage.
The kobold brigand is struck by your spines.
The kobold brigand hits you with a +0 club.
* * * LOW HITPOINT WARNING * * *
The kobold brigand misses you.
You shoot an arrow. The arrow hits the kobold brigand.
The kobold brigand is moderately wounded.
You die...

###########
####~~~....... ###
#~~~~~~~~~#####
###...######~~≈≈≈~~~)...
#..)..K@...###≈≈≈####).#
...###K......#####.....#
######............#
###.....###### {#######


You could see 2 kobold brigands.

Vanquished Creatures
  Natasha (D:3)
  Robin (D:3)
  A gnoll (D:1)
  2 dart slugs (D:1)
  A ball python (D:1)
  2 endoplasms (D:1)
  7 goblins
  5 hobgoblins
  7 kobolds
  A quokka (D:1)
  4 bats
  2 frilled lizards
  2 rats
36 creatures vanquished.

Notes
Turn   | Place    | Note
-------+----------+-------------------------------------------
     0 | D:1      | groundbeetle the Demonspawn Hunter began the quest for the
                  | Orb.
     0 | D:1      | Reached XP level 1. HP: 16/16 MP: 1/1
    26 | D:1      | Reached skill level 1 in Stealth
    73 | D:1      | Discovered your monstrous ancestry.
    73 | D:1      | Gained mutation: Your touch may inflict minor irresistible
                  | damage on your foes. [demonic ancestry]
    73 | D:1      | Reached XP level 2. HP: 22/22 MP: 2/2
   139 | D:1      | Gained mutation: You are partially covered in sharp spines.
                  | [demonic ancestry]
   139 | D:1      | Reached XP level 3. HP: 26/28 MP: 3/3
   315 | D:2      | Found an ornate altar of the Wu Jian Council.
   545 | D:3      | Noticed Robin
   554 | D:3      | Killed Robin
   560 | D:3      | Reached skill level 4 in Ranged Weapons
   615 | D:3      | Noticed Natasha
   621 | D:3      | Killed Natasha
   622 | D:3      | Gained mutation: You have a pair of small antennae on your
                  | head. [demonic ancestry]
   622 | D:3      | Reached XP level 4. HP: 31/34 MP: 4/4
   678 | D:3      | Noticed a kobold brigand
   679 | D:3      | Noticed a kobold brigand
   684 | D:3      | HP: 1/34 [kobold brigand/+0 club (1)]
   685 | D:3      | Succumbed to a kobold brigand's curare-tipped dart

Illustrated notes

Levels and vault maps discovered:
D:1:      ncdulo_halloftheorcs, layout_basic
D:2:      layout_basic, basic_altar
D:3:      cheibrodos_thug_alley, layout_loops_ring, zin_academy,
          minmay_fountain_box, uniq_natasha, uniq_robin

Skill      XL: |  1  2  3 |
---------------+----------+-----
Stealth        | 1 2 |  2.1
Dodging        | 2 |  2.5
Ranged Weapons | 4 |  4.1
Fighting       | |  2.8

Action                     |  1- 3 |  4- 6 || total
---------------------------+-------+-------++-------
   Fire: Shortbow          |    78 |    17 ||    95
 Armour: Leather armour    |    12 |     3 ||    15
  Dodge: Dodged            |    26 |     5 ||    31

Table legend: (Time is in decaauts)
 A = Elapsed time spent in this place.
 B = Non-inter-level travel time spent in this place.
 C = Inter-level travel time spent in this place.
 D = Time resting spent in this place.
 E = Time spent auto-exploring this place.
 F = Levels seen in this place.
 G = Mean time per level.
                   A        B        C        D        E       F      G
               +--------+--------+--------+--------+--------+-----+--------+
         Total |    727 |    713 |     14 |      0 |    520 |   3 |  242.3 |
       Dungeon |    727 |    713 |     14 |      0 |    520 |   3 |  242.3 |
               +--------+--------+--------+--------+--------+-----+--------+

Top non-repeatable levels by time:
     D:3: 320 daAuts
     D:1: 208 daAuts
     D:2: 198 daAuts
